 Dungeon Crawl Stone Soup version 0.17-a0-1115-g0372368 (webtiles) character file.

130 requice the Chopper (level 4, 0/40 HPs)
             Began as a Minotaur Berserker on May 23, 2015.
             Was a Believer of Trog.
             Slain by a slave (6 damage)
             ... led by Pikel
             ... on level 5 of the Dungeon.
             The game lasted 00:09:55 (2024 turns).

requice the Chopper (Minotaur Berserker)            Turns: 2024, Time: 00:09:57

Health: 0/40       AC:  5    Str: 22    XL:     4   Next: 89%
Magic:  3/3        EV: 11    Int:  4    God:    Trog [**....]
Gold:   177        SH:  0    Dex: 10    Spells: 0 memorised, 3 levels left

rFire  . . .     SeeInvis .     (no weapon)
rCold  . . .     Clarity  .     n - +0 ring mail
rNeg   . . .     SustAt   .     (no shield)
rPois  .         Gourm    .     (helmet restricted)
rElec  .         Spirit   .     (no cloak)
rCorr  .         Warding  .     (no gloves)
rMut   .         Stasis   .     (no boots)
MR     .....                    (no amulet)
Stlth  ..........               (no ring)
                                (no ring)

@: starving, not resistant to hostile enchantments, extremely unstealthy
A: retaliatory headbutt, horns 2
a: Burn Spellbooks, Berserk, Trog's Hand, Renounce Religion


You were on level 5 of the Dungeon.
You worshipped Trog.
Trog was pleased with you.
You were starving.

You visited 1 branch of the dungeon, and saw 5 of its levels.

You collected 177 gold pieces.

Inventory:

Armour
 b - a +0 animal skin
 n - a +0 ring mail (worn)
Jewellery
 a - an uncursed ring of wizardry {unknown}
 f - a cursed ring of loudness {unknown}
 k - a cursed ring of see invisible {unknown}
 l - a +2 ring of strength {unknown}
Scrolls
 d - 3 scrolls of identify {unknown}
 i - a scroll of remove curse {unknown}
 j - 2 scrolls of enchant armour {unknown}
 m - a scroll of blinking {unknown}
 o - a scroll of random uselessness {unknown}
 p - a scroll of recharging {unknown}
 s - a scroll of teleportation {unknown}
Potions
 e - 3 potions of curing {unknown}
 h - a potion of flight {unknown}
 q - a potion of mutation {unknown}
 r - a potion of magic {unknown}
Comestibles
 c - 3 bread rations
 g - 2 meat rations


   Skills:
 - Level 4.2 Fighting
   Level 4.3 Axes
 + Level 3.3 Throwing
 - Level 3.0 Armour
 - Level 2.1 Dodging


You had 3 spell levels left.
You didn't know any spells.

Dungeon Overview and Level Annotations

Branches:
Dungeon (5/15)
 Temple: D:4-7

Altars:
Dithmenos
Elyvilon

Annotations:
D:5 Pikel


Innate Abilities, Weirdness & Mutations

You reflexively headbutt those who attack you in melee.
You have a pair of horns on your head.


Message History

Pikel hits you with a whip of flaming. Pikel burns you.
You hit the slave but do no damage. Your headbutt misses the slave.
The slave hits you.
An adder and a centaur come into view.
You barely miss the slave. Pikel barely misses you. You furiously retaliate!
You headbutt Pikel, but do no damage. The slave misses you.
You furiously retaliate!
You headbutt the slave.
The adder moves out of view.
The slave closely misses you.
You closely miss the slave. Pikel barely misses you. The slave hits you!
* * * LOW HITPOINT WARNING * * *
The slave hits you but does no damage. The slave barely misses you.
You furiously retaliate!
You headbutt the slave, but do no damage.
You closely miss the slave. Your headbutt misses the slave.
Pikel hits you with a whip of flaming.
* * * LOW HITPOINT WARNING * * *
Pikel burns you.
* * * LOW HITPOINT WARNING * * *
The slave hits you but does no damage. The slave hits you.
You die...

#.# ..
#.
##.####.
.
#......
#.#..>..
##.#....
#..S...#
#....c.#
#...Kpp#
#..pp@.#
#...####
#... #..
###


You could see Pikel, 4 slaves, a centaur and an adder.

Vanquished Creatures
  A centaur skeleton (D:4)
  A worker ant (D:4)
  2 adders (D:4)
  An ooze (D:2)
  A worm (D:4)
  3 giant geckos
  3 orcs (D:3)
  5 bats
  A giant cockroach (D:4)
  7 goblins
  9 hobgoblins
  A ball python (D:2)
  7 giant newts
  3 kobolds (D:2)
  8 rats
53 creatures vanquished.

Vanquished Creatures (others)
  A giant cockroach (D:2)
1 creature vanquished.

Grand Total: 54 creatures vanquished

Notes
Turn   | Place    | Note
--------------------------------------------------------------
     0 | D:1      | requice the Minotaur Berserker began the quest for the Orb.
     0 | D:1      | Reached XP level 1. HP: 19/19 MP: 0/0
    84 | D:1      | Reached skill level 4 in Fighting
   307 | D:1      | Reached XP level 2. HP: 27/27 MP: 1/1
  1216 | D:2      | Found a shadowy altar of Dithmenos.
  1222 | D:2      | Reached XP level 3. HP: 33/33 MP: 2/2
  1398 | D:2      | Found a white marble altar of Elyvilon.
  1550 | D:3      | Acquired Trog's second power
  1594 | D:3      | Reached skill level 1 in Throwing
  1687 | D:4      | Reached XP level 4. HP: 14/40 MP: 3/3
  2018 | D:5      | Entered Level 5 of the Dungeon
  2018 | D:5      | Noticed Pikel
  2018 | D:5      | Noticed a slave
  2018 | D:5      | Noticed a slave
  2018 | D:5      | Noticed a slave
  2018 | D:5      | Noticed a slave
  2022 | D:5      | Noticed a centaur
  2024 | D:5      | Slain by a slave

Vault maps used:
D:1:      scummos_arrival_hexagon
D:2:      overflow_temple_1_default, gammafunk_temple_overflow_claw,
          elyvilon_altar_4
D:4:      first_bread
D:5:      nemelex_altar_shiori, basic_altar, uniq_blork_the_orc, uniq_pikel

Action                   |  1- 3 |  4- 6 || total
-------------------------+-------+-------++-------
Melee: Hand axe          |    32 |       ||    32
       Unarmed           |    50 |    34 ||    84
  Eat: Chunk             |     1 |       ||     1
